 Dungeon Crawl Stone Soup version 0.19.1-1-g22dce08 (webtiles) character file.

2163 dngmouse the Cleaver (level 9, -8/75 HPs)
             Began as a Minotaur Fighter on Jan 16, 2017.
             Mangled by an orc warrior
             ... wielding a +0 halberd
              (22 damage)
             ... on level 7 of the Dungeon.
             The game lasted 00:10:33 (4836 turns).

dngmouse the Cleaver (Minotaur Fighter)             Turns: 4836, Time: 00:10:34

Health: -8/75      AC: 12    Str: 23    XL:     9   Next: 10%
Magic:  8/8        EV:  5    Int:  5    God:
Gold:   39         SH:  9    Dex: 11    Spells: 0 memorised, 8 levels left

rFire  . . .     SeeInvis .     a - +0 war axe
rCold  . . .     Gourm    .     l - +0 chain mail
rNeg   . . .     Faith    .     c - +0 shield
rPois  .         Spirit   .     (helmet restricted)
rElec  .         Reflect  .     y - +0 cloak
rCorr  .         Harm     .     x - +0 pair of gloves
MR     .....                    B - +0 pair of boots
Stlth  ..........               (no amulet)
                                (no ring)
                                D - ring of flight

@: no status effects
A: retaliatory headbutt, horns 2
a: Evoke Flight


You were on level 7 of the Dungeon.
You were not hungry.

You visited 1 branch of the dungeon, and saw 7 of its levels.

You collected 285 gold pieces.
You spent 246 gold pieces at shops.

Inventory:

Hand Weapons
 a - a +0 war axe (weapon)
Missiles
 i - a tomahawk (quivered)
 F - 2 throwing nets
 I - 5 tomahawks of dispersal
Armour
 c - a +0 shield (worn)
 l - a +0 chain mail (worn)
 x - a +0 pair of gloves (worn)
 y - a +0 cloak (worn)
 B - a +0 pair of boots (worn)
Jewellery
 D - a ring of flight (left hand)
Wands
 H - a wand of confusion (30/48)
Scrolls
 b - 2 scrolls of magic mapping {unknown}
 e - 3 scrolls of enchant armour {unknown}
 g - a scroll of immolation {unknown}
 k - 11 scrolls of identify {unknown}
 m - a scroll of amnesia {unknown}
 o - 7 scrolls of remove curse {unknown}
 p - a scroll of fear {unknown}
 r - 3 scrolls of random uselessness {unknown}
 z - 5 scrolls of teleportation {unknown}
 C - 3 scrolls of noise {unknown}
 G - a scroll of acquirement {unknown}
Potions
 d - 3 potions of might
 h - 2 potions of mutation
 n - a potion of ambrosia
 q - a potion of curing
 s - a potion of cure mutation {unknown}
 v - 2 potions of invisibility
 A - a potion of beneficial mutation {unknown}
 J - a potion of lignification {unknown}
 K - a potion of agility
 L - a potion of heal wounds
Comestibles
 f - 3 bread rations
 j - 6 fruits
 t - 2 slices of pizza
 w - a royal jelly
 E - a beef jerky


   Skills:
 + Level 6.1 Fighting
 - Level 13.1 Axes
 - Level 3.6 Armour
 - Level 3.6 Shields


You had 8 spell levels left.
You didn't know any spells.

Dungeon Overview and Level Annotations

Branches:
Dungeon (7/15)
 Temple: D:4-7

Altars:
Dithmenos
Hepliaklqana
Ru

Shops:
D:6 !


Innate Abilities, Weirdness & Mutations

You reflexively headbutt those who attack you in melee.
You have a pair of horns on your head.


Message History

The orc warrior is heavily wounded.
You block the orc warrior's attack.
You closely miss the orc warrior.
The orc warrior is heavily wounded.
You closely miss the orc warrior.
The orc warrior is heavily wounded.
You block the orc warrior's attack.
You barely miss the orc warrior.
The orc warrior is heavily wounded.
The orc warrior hits you with a halberd!!
* * * LOW HITPOINT WARNING * * *
You closely miss the orc warrior.
The orc warrior is heavily wounded.
The orc warrior hits you with a halberd.
* * * LOW HITPOINT WARNING * * *
Your shield and chain mail prevent you from hitting the orc warrior.
Your headbutt misses the orc warrior.
The orc warrior is moderately wounded.
The orc warrior hits you with a halberd!!
You die...

#.#
#.#######
#.#.....#
#.#.###.#
#...# #.#
#######.#
####.
...#.#
.....
#.###)#.#
#####
#....o@.#
#####)###
... ####


You could see an orc warrior.

Vanquished Creatures
  Joseph (D:7)
  Sigmund (D:3)
  3 ogres
  3 centaurs
  A crocodile (D:7)
  A big kobold (D:6)
  3 scorpions
  A vampire bat (D:6)
  3 crimson imps
  2 howler monkeys
  A bullfrog zombie (D:6)
  A quasit (D:3)
  A centaur zombie (D:6)
  A hound (D:4)
  An orc priest (D:7)
  A gnoll shaman (D:5)
  A jelly (D:6)
  A bullfrog skeleton (D:6)
  A centaur skeleton (D:6)
  Natasha (twice) (D:4)
  An iguana (D:6)
  2 worker ants (D:6)
  Robin (D:3)
  5 worker ant zombies (D:6)
  5 gnolls (D:5)
  5 adders
  2 howler monkey skeletons
  A shadow imp (D:6)
  An adder skeleton (D:6)
  An adder zombie (D:6)
  3 worms
  2 dart slugs
  The ghost of dscm the Sneak, a weakling OpEn (D:4)
  2 leopard geckos
  3 orcs
  2 ball pythons (D:3)
  6 giant cockroaches
  13 goblins
  9 hobgoblins
  2 jackals (D:3)
  12 kobolds
  4 quokkas
  14 bats
  3 frilled lizards
  3 giant cockroach zombies
  A jackal zombie (D:6)
  A leopard gecko skeleton (D:6)
  A quokka zombie (D:6)
  3 rats
139 creatures vanquished.

Notes
Turn   | Place    | Note
-------+----------+-------------------------------------------
     0 | D:1      | dngmouse the Minotaur Fighter began the quest for the Orb.
     0 | D:1      | Reached XP level 1. HP: 19/19 MP: 0/0
   102 | D:1      | Reached skill level 3 in Axes
   131 | D:1      | Reached XP level 2. HP: 27/27 MP: 1/1
   675 | D:2      | Reached XP level 3. HP: 32/33 MP: 2/2
   728 | D:2      | Reached skill level 4 in Axes
   976 | D:2      | Reached XP level 4. HP: 41/41 MP: 3/3
  1001 | D:2      | Found a shadowy altar of Dithmenos.
  1221 | D:3      | Noticed Robin
  1226 | D:3      | Reached skill level 5 in Axes
  1245 | D:3      | Killed Robin
  1245 | D:3      | Reached XP level 5. HP: 31/47 MP: 4/4
  1425 | D:3      | Reached skill level 5 in Fighting
  1835 | D:3      | Noticed Sigmund
  1850 | D:3      | Killed Sigmund
  1850 | D:3      | Reached skill level 6 in Axes
  1850 | D:3      | Reached XP level 6. HP: 34/56 MP: 5/5
  2151 | D:4      | Reached skill level 7 in Axes
  2287 | D:4      | Noticed dscm's ghost (weakling OpEn)
  2292 | D:4      | Killed dscm's ghost
  2390 | D:4      | Noticed Natasha
  2394 | D:4      | Killed Natasha
  2394 | D:4      | Reached XP level 7. HP: 59/63 MP: 6/6
  2502 | D:4      | Noticed Natasha
  2512 | D:4      | Killed Natasha
  2534 | D:4      | Reached skill level 8 in Axes
  2640 | D:5      | Entered Level 5 of the Dungeon
  2657 | D:5      | Reached skill level 9 in Axes
  2838 | D:5      | Found a hazy altar of Hepliaklqana.
  2838 | D:5      | Found a sacrificial altar of Ru.
  3074 | D:5      | Reached skill level 10 in Axes
  3579 | D:6      | Reached XP level 8. HP: 47/70 MP: 7/7
  3835 | D:6      | Reached skill level 11 in Axes
  3996 | D:6      | Found Wolekeh's Distillery.
  4002 | D:6      | Bought a potion of invisibility for 96 gold pieces
  4002 | D:6      | Bought a potion of agility for 48 gold pieces
  4002 | D:6      | Bought a potion of mutation for 30 gold pieces
  4002 | D:6      | Bought a potion of degeneration for 12 gold pieces
  4002 | D:6      | Bought a potion of heal wounds for 60 gold pieces
  4224 | D:6      | Reached skill level 12 in Axes
  4512 | D:7      | Noticed Joseph
  4531 | D:7      | Killed Joseph
  4531 | D:7      | Reached skill level 13 in Axes
  4531 | D:7      | Reached XP level 9. HP: 18/75 MP: 8/8
  4836 | D:7      | Mangled by an orc warrior

Skill      XL: |  1  2  3  4  5  6  7  8 |
---------------+-------------------------+-----
Axes           | 3 4 5 6 7 10 13 | 13.1
Fighting       | 4 5 6 |  6.1
Armour         | |  3.6
Shields        | |  3.6

Action                   |  1- 3 |  4- 6 |  7- 9 || total
-------------------------+-------+-------+-------++-------
Melee: War axe           |    86 |   111 |   204 ||   401
       Headbutt          |     5 |    18 |    41 ||    64
Throw: Tomahawk          |       |     2 |     1 ||     3
  Use: Potion            |       |       |     1 ||     1
  Eat: Chunk             |       |     5 |     8 ||    13
Armor: Scale mail        |    18 |       |       ||    18
       Chain mail        |    24 |    69 |   100 ||   193
Dodge: Dodged            |    25 |    36 |    36 ||    97
Block: Shield            |    43 |    67 |    90 ||   200
